 Dungeon Crawl Stone Soup version 0.30.0-11-gf55b779eaf (webtiles) character file.

Game seed: 1753720446269979648

114963 meatpath the Warrior (level 16, -20/163 HPs)
             Began as a Minotaur Berserker on May 16, 2023.
             Was a High Priest of Trog.
             Killed from afar by Roxanne (31 damage)
             ... with a bolt of magma
             ... on level 3 of the Swamp.
             The game lasted 01:00:44 (24932 turns).

meatpath the Warrior (Minotaur Berserker)          Turns: 24932, Time: 01:00:45

Health: -20/163    AC: 25    Str: 27    XL:     16   Next: 17%
Magic:  15/15      EV: 12    Int:  7    God:    Trog [*****.]
Gold:   1729       SH:  7    Dex: 14    Spells: 15/15 levels left

rFire   + . .        L - +4 broad axe "Defoexax" {flame, +Blink}
rCold   + . .        K - +0 buckler
rNeg    + + .        I - +5 plate armour of Infinity {Int+3}
rPois   +            X - +2 hat
rElec   +            a - scarf of the Lost Path {shadows, rF+ rCorr Int-2 Dex+3}
rCorr   +            p - +0 pair of gloves
SInv    .            t - +0 pair of boots
Will    +....        V - amulet of faith Stlth
                     N - ring of poison resistance
HPRegen 0.47/turn    P - ring "Keoh" {rElec rC+ rN++ rCorr}
MPRegen 0.14/turn

%: faith
@: no status effects
A: horns 2, retaliatory headbutt
a: Renounce Religion, Evoke Blink, Berserk, Trog's Hand, Brothers in Arms


You were on level 3 of the Swamp.
You worshipped Trog.
Trog was extremely pleased with you.
You visited 3 branches of the dungeon, and saw 23 of its levels.
You also visited: Bailey and Volcano.

You collected 3147 gold pieces.
You spent 1418 gold pieces at shops.

Inventory:

Hand Weapons
 L - the +4 broad axe "Defoexax" (weapon) {flame, +Blink}
   (Trog gifted it to you on level 9 of the Dungeon)

   +Blink:    It lets you blink.
Armour
 a - the scarf of the Lost Path (worn) {shadows, rF+ rCorr Int-2 Dex+3}
   (You acquired it on level 11 of the Dungeon)

   Int:       It affects your intelligence (-2).
   Dex:       It affects your dexterity (+3).
   rF:        It protects you from fire.
   rCorr:     It protects you from acid and corrosion.
 p - a +0 pair of gloves (worn)
 t - a +0 pair of boots (worn)
 I - the +5 plate armour of Infinity (worn) {Int+3}
   (You found it on level 11 of the Dungeon)

   Int:       It affects your intelligence (+3).
 K - a +0 buckler (worn)
 M - +0 acid dragon scales
 X - a +2 hat (worn)
Jewellery
 z - a +6 ring of intelligence
 A - an amulet of the acrobat
 N - a ring of poison resistance (left hand)
 P - the ring "Keoh" (right hand) {rElec rC+ rN++ rCorr}
   (You bought it in a shop on level 10 of the Dungeon)

   [ring of resist corrosion]

   rC:        It protects you from cold.
   rElec:     It insulates you from electricity.
   rN:        It greatly protects you from negative energy.
   rCorr:     It protects you from acid and corrosion.
 V - an amulet of faith (around neck)
Wands
 q - a wand of iceblast (8)
 s - a wand of polymorph (16)
 u - a wand of flame (75)
 y - a wand of paralysis (13)
 Q - a wand of mindburst (11)
 R - a wand of acid (5)
Scrolls
 b - 11 scrolls of teleportation
 d - 12 scrolls of enchant armour
 g - 2 scrolls of fear
 h - 4 scrolls of blinking
 i - 7 scrolls of immolation
 l - 7 scrolls of poison
 o - 2 scrolls of identify
 r - a scroll of fog
 v - 2 scrolls of vulnerability
 B - a scroll of brand weapon
 D - a scroll of noise
 G - 3 scrolls of enchant weapon
 H - 4 scrolls of summoning
 J - 3 scrolls of magic mapping
Potions
 c - 2 potions of ambrosia
 e - 5 potions of flight
 f - 3 potions of attraction
 j - 7 potions of heal wounds
 k - 14 potions of curing
 m - 5 potions of magic
 n - 4 potions of mutation
 w - 4 potions of invisibility
 x - 5 potions of haste
 C - 4 potions of might
 E - 2 potions of resistance
 F - 2 potions of cancellation {unknown}
 O - 3 potions of berserk rage {unknown}
 S - a potion of brilliance {unknown}


   Skills:
 + Level 20.2 Fighting
 + Level 20.2 Axes
 + Level 12.2 Armour
 - Level 12.0 Dodging
 - Level 11.4 Shields


You had 15 spell levels left.
You didn't know any spells.
Your spell library was empty.

Dungeon Overview and Level Annotations

Branches:
Dungeon (15/15)            Temple (0/1) D:6            Lair (5/5) D:9
  Swamp (3/4) Lair:2        Snake (0/4) Lair:2        Slime (0/5) Lair:5
    Orc (0/2) D:11         Vaults (0/5) D:14         Depths (0/4) D:15
 Bailey (visited)         Volcano (visited)

Altars:
Cheibriados
Dithmenos
Gozag
Kikubaaqudgha
Sif Muna
Trog
Uskayaw
Wu Jian
Yredelemnul
Zin
Jiyva

Shops:
D:6 !   D:7 ?   D:8 (   D:9 (:   D:10 =   D:15 =

Annotations:
D:13 exclusion: obsidian statue
D:14 1 runed translucent door
Lair:5 1 runed translucent door
Swamp:1 3 runed translucent doors, Piask's ghost, adept FoAK
Swamp:3 Roxanne


Innate Abilities, Weirdness & Mutations

You have a pair of horns on your head.
You reflexively headbutt those who attack you in melee.


Message History

You hit the bunyip but do no damage.
The bunyip is lightly wounded.
You slash the bunyip! You burn the bunyip. You headbutt the bunyip.
The bunyip is heavily wounded.
You barely miss the bunyip. Your headbutt misses the bunyip.
The bunyip is heavily wounded.
You barely miss the bunyip. You headbutt the bunyip!
The bunyip is severely wounded.
The bunyip barely misses you. You furiously retaliate!
You headbutt the bunyip! The bunyip claws you!!
The bunyip claws you but does no damage.
You slice the bunyip!! You burn the bunyip!
You kill the bunyip!
Trog accepts your kill.
You start resting.
HP restored.
You enter the shallow water.
Moving in this stuff is going to be slow.
Roxanne, Geomancer Emeritus comes into view.
Marking area around Roxanne as unsafe for travelling.
Really walk into a travel-excluded area?
Found a stone staircase leading down.
You enter the shallow water.
Moving in this stuff is going to be slow.
Found a runed war axe.
Roxanne mumbles some strange words.
The crystal spear hits you!!
Roxanne casts a spell.
The iron shot hits you!!!
You hit Roxanne but do no damage. You slice Roxanne!!
Roxanne is lightly damaged.
Roxanne mumbles some strange words.
The crystal spear hits you!!!!
* * * LOW HITPOINT WARNING * * *
You hit Roxanne but do no damage.
Roxanne is lightly damaged.
Roxanne casts a spell.
The bolt of magma hits you!! You partially resist.
You die...

♣♣♣♣ ♣♣..♣
♣♣)~~♣♣♣♣♣
♣...~~.~..
♣...>..~~.
♣.8...~§~.~~
♣..@~..~~~~~..
♣~~.~.~~§~§~.♣♣
♣♣.~..~~~~~~.~♣♣
♣♣...~~~~.§.~.~
♣..~~~..~~..~♣♣
♣...~~~.~.....♣♣♣
♣~...~..~~~~~~~...
♣♣♣.~~..~~~~~~~...
♣.~~...~.~~~....


You could see Roxanne.

Vanquished Creatures
  Mlioglotl (Swamp:3)
  Gastronok (D:8)
  2 fenstrider witches (Swamp:3)
  2 eleionomae
  6 bunyips
  A shambling mangrove (Swamp:3)
  2 spriggan zombies (D:15)
  Erolcha (D:9)
  5 centaur warriors
  A vault guard (D:14)
  4 catoblepae
  A ghost crab (Swamp:2)
  6 hydras
  2 ogre magi (D:14)
  5 two-headed ogres
  23 death yaks
  4 boulder beetles
  A vampire mage (D:15)
  7 alligators
  Sonja (Lair:2)
  The ghost of Epaffali the Destroyer, a journeyman TeFE of Vehumet (D:11)
  2 skeletal warriors (D:15)
  A goliath frog (Swamp:1)
  The ghost of avangion the Destroyer, a novice DECj of Vehumet (D:9)
  2 death drakes
  A swamp dragon (Swamp:3)
  4 spriggan druids
  3 bog bodies
  Pikel (D:4)
  An orc knight (Bailey)
  2 deep elf pyromancers (D:15)
  A necromancer (D:15)
  6 cyclopes
  5 manticores
  6 ugly things
  A toenail golem (Volcano)
  A fire giant zombie (D:15)
  2 will-o-the-wisps
  A sphinx skeleton (D:15)
  6 elephants
  4 molten gargoyles (Volcano)
  8 black mambas
  A gargoyle (D:11)
  7 cane toads
  3 unseen horrors
  3 kobold demonologists
  An efreet (Volcano)
  3 rime drakes
  A tengu conjurer (D:14)
  2 komodo dragons
  8 trolls
  A bloated husk (Swamp:1)
  A polar bear (Lair:5)
  8 hornets
  8 tyrant leeches
  15 blink frogs
  10 dream sheep (Lair:5)
  12 slime creatures
  A vampire (D:13)
  3 wraiths
  2 shadows
  7 spriggans
  A water elemental (D:11)
  80 yaks
  2 fire elementals
  5 wyverns
  A yak (shapeshifter) (D:14)
  3 basilisks
  6 vampire mosquitoes
  A steam dragon (Lair:2)
  8 swamp worms
  3 wargs (D:9)
  10 water moccasins
  3 acid dragons
  16 orc warriors
  4 swamp drakes
  A sky beast (D:7)
  An ogre (D:6)
  9 wolves (Lair:5)
  7 centaurs
  4 kobold brigands
  3 lemures (D:4)
  An earth elemental (Volcano)
  2 gnoll sergeants
  10 bullfrogs
  5 scorpions
  17 wights
  6 killer bees
  5 electric eels (D:11)
  13 howler monkeys
  2 jellies (D:6)
  7 orc priests
  3 gnoll boudas
  11 hounds
  6 iguanas
  16 orc wizards
  5 hell rats (Lair:5)
  17 gnolls
  4 adders
  2 white imps
  2 ufetubi (D:5)
  2 worms (D:2)
  A dart slug (D:1)
  51 orcs
  2 endoplasms
  4 giant cockroaches
  6 hobgoblins
  4 jackals (D:1)
  24 kobolds
  4 quokkas
  7 ball pythons
  4 bats
  2 frilled lizards
  6 goblins
  7 rats
659 creatures vanquished.

Vanquished Creatures (others)
  A will-o-the-wisp (Swamp:1)
  2 bloated husks
  A spriggan (Swamp:3)
  A human (D:9)
  A centaur (D:9)
  2 gnolls (D:9)
  3 orcs (D:11)
  A jackal (D:9)
  8 foxfires
20 creatures vanquished.

Grand Total: 679 creatures vanquished

Notes
Turn   | Place    | Note
-------+----------+-------------------------------------------
     0 | D:1      | meatpath the Minotaur Berserker began the quest for the
                  | Orb.
     0 | D:1      | Reached XP level 1. HP: 19/19 MP: 0/0
   665 | D:1      | Reached XP level 2. HP: 27/27 MP: 1/1
  1219 | D:2      | Reached XP level 3. HP: 33/33 MP: 2/2
  1545 | D:2      | Identified the +5 short sword of Iqieph {drain, *Corrode
                  | rC++ Will+ Int+4}
  1714 | D:2      | Reached ** piety under Trog
  2367 | D:3      | Reached XP level 4. HP: 22/41 MP: 3/3
  3151 | D:4      | Reached skill level 5 in Fighting
  3152 | D:4      | Reached skill level 5 in Axes
  3152 | D:4      | Reached XP level 5. HP: 48/48 MP: 4/4
  3269 | D:4      | Noticed a lemure
  3269 | D:4      | Noticed a lemure
  3270 | D:4      | Noticed Pikel
  3288 | D:4      | Killed a lemure
  3295 | D:4      | Killed a lemure
  3318 | D:4      | Noticed a lemure
  3319 | D:4      | Noticed a lemure
  3334 | D:4      | Killed a lemure
  3338 | D:4      | Killed Pikel
  3339 | D:4      | Reached skill level 5 in Dodging
  3339 | D:4      | Reached XP level 6. HP: 58/58 MP: 5/5
  3339 | D:4      | Reached XP level 7. HP: 64/64 MP: 6/6
  3620 | D:4      | Identified the +3 short sword "Tapnetuss" {flame, Fly
                  | Str+5}
  3683 | D:5      | Entered Level 5 of the Dungeon
  3796 | D:5      | Reached *** piety under Trog
  3797 | D:5      | Reached XP level 8. HP: 72/73 MP: 7/7
  4338 | D:6      | Found a bloodstained altar of Trog.
  4355 | D:6      | Reached skill level 5 in Armour
  4446 | D:6      | Found a staircase to the Ecumenical Temple.
  4661 | D:6      | Found Hiebi's Distillery.
  4830 | D:6      | Found a shimmering blue altar of Sif Muna.
  4895 | D:6      | Reached XP level 9. HP: 83/83 MP: 8/8
  5115 | D:7      | Found Alapuiff's Magic Scroll Boutique.
  5164 | D:7      | Found a flagged portal.
  5171 | Bailey   | Entered a bailey
  5187 | Bailey   | Reached **** piety under Trog
  5514 | Bailey   | Noticed an orc knight
  5516 | Bailey   | Reached skill level 10 in Fighting
  5516 | Bailey   | Reached skill level 10 in Axes
  5525 | Bailey   | Killed an orc knight
  5771 | D:7      | Found an opulent altar of Gozag.
  5771 | D:7      | Found an ancient bone altar of Kikubaaqudgha.
  5924 | D:7      | Reached XP level 10. HP: 89/94 MP: 9/9
  6197 | D:8      | Found an ornate altar of the Wu Jian Council.
  6303 | D:8      | Noticed Gastronok
  6358 | D:8      | Killed Gastronok
  6516 | D:8      | Found Jeshi's Weapon Shop.
  6552 | D:8      | Reached skill level 10 in Armour
  6577 | D:8      | Found a hide-covered altar of Uskayaw.
  6596 | D:8      | Found a shadowy altar of Dithmenos.
  6631 | D:8      | Found a glowing silver altar of Zin.
  6643 | D:8      | Found a snail-covered altar of Cheibriados.
  6782 | D:8      | Reached ***** piety under Trog
  7142 | D:9      | Reached skill level 1 in Shields
  7192 | D:9      | Noticed Erolcha
  7200 | D:9      | Killed Erolcha
  7335 | D:9      | Noticed a manticore
  7340 | D:9      | Killed a manticore
  7341 | D:9      | Reached XP level 11. HP: 76/105 MP: 10/10
  7796 | D:9      | Identified the +4 broad axe "Defoexax" {flame, +Blink}
                  | (Trog gifted it to you on level 9 of the Dungeon)
  7796 | D:9      | Received a gift from Trog
  7806 | D:9      | Reached skill level 5 in Shields
  8033 | D:9      | Found a staircase to the Lair.
  8132 | D:9      | Found a runed translucent door.
  8134 | D:9      | Found a basalt altar of Yredelemnul.
  8189 | D:9      | Noticed avangion's ghost (novice DECj)
  8190 | D:9      | Found a runed translucent gate.
  8191 | D:9      | Found a runed translucent gate.
  8192 | D:9      | Found a runed translucent gate.
  8192 | D:9      | Found Sacig's Antique Weapon Shop.
  8202 | D:9      | Killed avangion's ghost
  8639 | D:9      | Found Lebem's Book Boutique.
  8857 | D:10     | Entered Level 10 of the Dungeon
  8876 | D:10     | Noticed a two-headed ogre
  8884 | D:10     | Killed a two-headed ogre
  9004 | D:10     | Found Wed Wibi's Jewellery Shoppe.
  9014 | D:10     | Bought the ring "Keoh" {rElec rC+ rN++ rCorr} for 618 gold
                  | pieces
  9525 | D:10     | Noticed a two-headed ogre
  9533 | D:10     | Killed a two-headed ogre
  9812 | D:11     | Reached XP level 12. HP: 89/116 MP: 11/11
  9984 | D:11     | Found a staircase to the Orcish Mines.
 10067 | D:11     | Identified the +7 dire flail "Zeawn" {venom, rN+ Stlth+}
 10067 | D:11     | Identified the +3 giant club "Ivoikhy" {freeze, Int+3}
 10067 | D:11     | Noticed a two-headed ogre
 10075 | D:11     | Found a transporter.
 10076 | D:11     | Noticed a two-headed ogre
 10076 | D:11     | Noticed a two-headed ogre
 10077 | D:11     | Noticed Epaffali's ghost (journeyman TeFE)
 10081 | D:11     | Found a transporter.
 10240 | D:11     | Identified the +5 plate armour of Infinity {Int+3}
 10375 | D:11     | Killed a two-headed ogre
 10382 | D:11     | Killed Epaffali's ghost
 10383 | D:11     | Killed a two-headed ogre
 10385 | D:11     | Killed a two-headed ogre
 10504 | D:11     | Identified 2 scrolls of acquirement
 10505 | D:11     | Acquired 1172 gold pieces
 10508 | D:11     | Acquired the scarf of the Lost Path {shadows, rF+ rCorr
                  | Int-2 Dex+3}
 10705 | D:12     | Noticed a boulder beetle
 10718 | D:12     | Killed a boulder beetle
 10897 | D:12     | Reached skill level 15 in Axes
 11055 | D:12     | Reached skill level 15 in Fighting
 11357 | Lair:1   | Entered Level 1 of the Lair of Beasts
 11536 | Lair:1   | Reached skill level 10 in Shields
 11581 | Lair:1   | Received a gift from Trog
 11854 | Lair:1   | Found a dark tunnel.
 11859 | Volcano  | Entered a volcano
 12028 | Volcano  | Reached XP level 13. HP: 111/127 MP: 12/12
 12875 | Lair:2   | Found a staircase to the Swamp.
 13060 | Lair:2   | Noticed Sonja
 13072 | Lair:2   | Killed Sonja
 13076 | Lair:2   | Found a staircase to the Snake Pit.
 15708 | Lair:5   | Entered Level 5 of the Lair of Beasts
 15888 | Lair:5   | Received a gift from Trog
 16014 | Lair:5   | Reached XP level 14. HP: 62/140 MP: 13/13
 16709 | Lair:5   | Identified the +0 robe of Indecent Exposure {rPois rCorr
                  | Str+5 Slay-2}
 16815 | Lair:5   | Found the +7 captain's cutlass {speed, disarm}
 16826 | Lair:5   | Identified the +7 whip of the Vulture {freeze, rPois Int-4
                  | Dex+7}
 16854 | Lair:5   | Identified the +2 long sword of Gluttony {heavy, rPois
                  | Str+2 Dex-2}
 17404 | Lair:5   | Received a gift from Trog
 17413 | Lair:5   | Reached skill level 10 in Dodging
 17445 | Lair:5   | Found a runed translucent door.
 17448 | Lair:5   | Found a viscous altar of Jiyva.
 17448 | Lair:5   | Noticed an acid blob
 17449 | Lair:5   | Found a staircase to the Slime Pits.
 17449 | Lair:5   | Noticed an acid blob
 17449 | Lair:5   | Noticed an acid blob
 18695 | D:13     | You fall into a shaft and drop 2 floors!
 18695 | D:15     | Entered Level 15 of the Dungeon
 18818 | D:15     | Reached XP level 15. HP: 125/150 MP: 14/14
 18980 | D:15     | Found a staircase to the Depths.
 19267 | D:15     | Found Mekkuata's Jewellery Boutique.
 19275 | D:15     | Bought an amulet of faith for 560 gold pieces
 19463 | D:15     | Reached ****** piety under Trog
 20225 | D:14     | Found a runed translucent door.
 20230 | D:14     | Noticed a fire giant
 20437 | D:14     | Paralysed by an ogre mage for 3 turns
 20445 | D:14     | Received a gift from Trog
 20477 | D:14     | Found a gate to the Vaults.
 21585 | D:10     | Bought a ring of poison resistance for 240 gold pieces
 21675 | Swamp:1  | Entered Level 1 of the Swamp
 21986 | Swamp:1  | Noticed a tentacled monstrosity
 22070 | Swamp:1  | Noticed a thorn hunter
 22070 | Swamp:1  | Noticed a tentacled monstrosity
 22071 | Swamp:1  | Found a runed translucent gate.
 22071 | Swamp:1  | Found a runed translucent gate.
 22071 | Swamp:1  | Noticed Piask's ghost (adept FoAK)
 22072 | Swamp:1  | Found a runed translucent gate.
 22072 | Swamp:1  | Noticed a tentacled monstrosity
 22882 | Swamp:2  | Received a gift from Trog
 23969 | Swamp:3  | Reached XP level 16. HP: 94/162 MP: 15/15
 24268 | Swamp:3  | Paralysed by a fenstrider witch for 5 turns
 24772 | Swamp:3  | Noticed Mlioglotl
 24793 | Swamp:3  | Killed Mlioglotl
 24920 | Swamp:3  | Noticed Roxanne
 24932 | Swamp:3  | Killed from afar by Roxanne

Illustrated notes

Levels and vault maps discovered:
D:1:      matt_arrival_los_fun, layout_basic, serial_curves, eino_curves_02,
          eino_curves_01, minmay_door_square, kennysheep_crisscross
D:2:      layout_basic
D:3:      layout_loops_ring
D:4:      layout_basic, uniq_pikel
D:5:      layout_cave_pools
D:6:      layout_loops_cross, kennysheep_orc_sif_temple,
          mainiacjoe_overflow_six_doors_small, minmay_temple_entry_arrows,
          serial_shops, nicolae_shop_industrial_runoff
D:7:      layout_rooms, amethyst_overflow_temple_binary, serial_shops,
          nicolae_shop_hallway_plus, enter_bailey_3
D:8:      layout_basic, nicolae_overflow_quartered_altars,
          mainiacjoe_overflow_catwalk, serial_shops,
          nicolae_shop_real_fake_doors, uniq_gastronok
D:9:      hangedman_cross_stitches, layout_cave_pools, dk_yredelemnul_ordeal,
          erik_lair_orcish_takeover, serial_gnoll_camp, gnoll_camp_mini_shop,
          gnoll_camp_mini_hut, gnoll_camp_mini_house, gnoll_camp_mini_basic,
          gnoll_camp_mini_doghouse, serial_shops, shop,
          ebering_ghost_rock_garden, minmay_diced_spiral, uniq_erolcha
D:10:     layout_roguey, serial_shops, shop
D:11:     layout_roguey, erik_orc_2, gammafunk_ghost_smash
D:12:     layout_rooms
D:13:     layout_roguey, minmay_protected_statue
D:14:     layout_grid_maze, david_vaults_5, minmay_st_funbox
D:15:     gammafunk_depths_entry_grave, layout_rooms, serial_shops, shop,
          kennysheep_doodads, nicolae_lava_and_water
Lair:1:   layout_chaotic_city, nicolae_volcano_entry_s_turn
Lair:2:   layout_layer_cave, swamp_mist, dummy_snake_entry, uniq_sonja
Lair:3:   layout_regular_city
Lair:4:   layout_long_grid, grunt_megastairs_4, serial_bayou_shore_b
Lair:5:   evilmike_catoblepas_cave, layout_cave_pods, slime_entry_2,
          infiniplex_staircase_pool, grunt_megastairs_5, lemuel_fruit_fields
Swamp:1:  layout_basic_swamp, gammafunk_ghost_split,
          portal_ice_cave_entry_pillars_four, evilmike_swamp_ruin_house_4
Swamp:2:  layout_basic_swamp, evilmike_swamp_ruin_house_5, swamp_pool1,
          nicolae_swamp_drake_lake
Swamp:3:  layout_basic_swamp, nicolae_swamp_bean_lake, swamp_pool1,
          uniq_mlioglotl, uniq_roxanne

Skill      XL: |  1  2  3  4  5  6  7  8  9 10 11 12 13 14 15 16 |
---------------+-------------------------------------------------+-----
Fighting       | 4 5 6 7 9 10 12 13 15 17 18 20 | 20.2
Axes           | 4 5 6 7 9 10 12 13 15 17 18 20 | 20.2
Dodging        | 3 5 8 10 12 | 12.0
Armour         | 4 6 8 10 11 12 | 12.2
Shields        | 3 7 10 11 | 11.4

Action                     |  1- 3 |  4- 6 |  7- 9 | 10-12 | 13-15 | 16-18 || total
---------------------------+-------+-------+-------+-------+-------+-------++-------
  Melee: Hand axe          |    80 |    66 |    65 |       |       |       ||   211
         Headbutt          |    11 |    11 |    24 |    97 |   257 |    18 ||   418
         Battleaxe         |       |       |    88 |   167 |       |       ||   255
         Punch             |       |       |     1 |       |       |       ||     1
         Broad axe         |       |       |       |   280 |   953 |    96 ||  1329
 Invoke: Berserk           |       |     1 |     3 |     3 |     5 |     2 ||    14
         Trog's Hand       |       |       |       |       |     3 |     1 ||     4
    Use: Scroll            |     1 |     1 |     6 |     6 |    11 |     1 ||    26
         Potion            |       |       |       |       |       |     3 ||     3
   Stab: Sleeping          |     1 |       |       |       |       |       ||     1
 Armour: Animal skin       |     1 |       |       |       |       |       ||     1
         Ring mail         |    18 |     7 |       |       |       |       ||    25
         Chain mail        |       |    20 |    87 |       |       |       ||   107
         Plate armour      |       |       |    11 |   298 |   448 |    24 ||   781
  Dodge: Dodged            |    48 |    30 |    89 |   158 |   315 |    26 ||   666
  Block: Buckler           |       |       |       |    64 |   215 |    18 ||   297
